 Dungeon Crawl Stone Soup version 0.23.0 (webtiles) character file.

Game seed: 12131515207480599428

40 Infinimo the Insei (level 3, -3/26 HPs)
             Began as a Demonspawn Transmuter on Feb 10, 2019.
             Slain by Sigmund
             ... wielding a +1 scythe of distortion
              (6 damage)
             ... on level 2 of the Dungeon.
             The game lasted 00:03:36 (1790 turns).

Infinimo the Insei (Demonspawn Transmuter)          Turns: 1790, Time: 00:03:36

Health: -3/26      AC:  2    Str: 10    XL:     3   Next: 30%
Magic:  4/6        EV: 19    Int: 15    God:
Gold:   29         SH:  0    Dex: 18    Spells: 2/6 levels left

rFire    . . .     SeeInvis .     - Unarmed
rCold    . . .     Gourm    .   (shield currently unavailable)
rNeg     . . .     Faith    .   (armour currently unavailable)
rPois    x         Spirit   .   (helmet currently unavailable)
rElec    .         Reflect  .   (cloak currently unavailable)
rCorr    .         Harm     .   (gloves currently unavailable)
MR       .....                  (boots currently unavailable)
Stlth    ++........             (no amulet)
HPRegen  0.08/turn              (no ring)
MPRegen  0.10/turn              (no ring)

@: spider-form (expiring)
A: tiny, powered by death 1
a: End Transformation


You were on level 2 of the Dungeon.
You were not hungry.
You were a venomous arachnid creature.
You visited 1 branch of the dungeon, and saw 2 of its levels.

You collected 29 gold pieces.

Inventory:

Missiles
 a - 12 arrows
Armour
 b - a +0 robe (melded)
Jewellery
 c - a +2 ring of dexterity {unknown}
 i - an uncursed amulet of faith {unknown}
Scrolls
 e - 2 scrolls of fog {unknown}
 g - a scroll of enchant weapon {unknown}
 h - a scroll of magic mapping {unknown}
 k - a scroll of remove curse {unknown}
Potions
 f - 2 potions of curing {unknown}
 j - 2 potions of flight {unknown}
 l - a potion of degeneration {unknown}
Comestibles
 d - 4 rations


   Skills:
 - Level 1.0 Fighting
 - Level 1.7 Dodging
 * Level 3.6 Unarmed Combat
 - Level 2.0 Spellcasting
 + Level 2.3 Transmutations


You had 2 spell levels left.
You knew the following spells:

 Your Spells              Type           Power        Failure   Level  Hunger
a - Beastly Appendage     Tmut           #.....       22%         1    #......
b - Spider Form           Tmut/Pois      #.........   61%         3    ###....

Your spell library contained the following spells:

 Spells                   Type           Power        Failure   Level  Hunger
 Sticks to Snakes         Tmut           #.......     30%         2    ###....
 Ice Form                 Ice/Tmut       #.......     92%         4    #####..
 Blade Hands              Tmut           #.........   98%         5    ######.


Dungeon Overview and Level Annotations

Branches:
Dungeon (2/15)

Altars:

Annotations:
D:2 Sigmund


Innate Abilities, Weirdness & Mutations

((You are partially covered in large bone plates. (SH +4)))
You regenerate a little health from kills.


Message History

Ouch! That really hurt!
* * * LOW HITPOINT WARNING * * *
You hit Sigmund.
Sigmund is moderately wounded.
Sigmund misses you.
Sigmund is moderately wounded.
Sigmund is moderately wounded.
Sigmund misses you.
You hit Sigmund.
Sigmund looks as sick as possible!
Sigmund is heavily wounded.
Your transformation is almost over.
You hit Sigmund.
Sigmund is severely wounded.
Sigmund barely misses you.
Sigmund is severely wounded.
Sigmund casts a spell.
Sigmund flickers and vanishes!
Deactivating autopickup; reactivate with Ctrl-A.
Something hits you.
You die...

#....^...##......#.#...
..######.####.........#
#.....#####.###.####
#.###........#.).#
#.....####....# #..##.#
##...# #..##<# #...#
#...#.# #...#
#...#s#####...######.#
#...#..{...........?..
#..<.................#
#...#................#
##.########...######.#
#.# #...# .. #.# #...#
# #.# #...# #.# #...#


There were no monsters in sight!

Vanquished Creatures
  A gnoll (D:1)
  A dart slug (D:1)
  2 giant cockroaches
  2 goblins (D:1)
  5 hobgoblins
  4 jackals (D:1)
  A ball python (D:1)
  5 bats (D:1)
  A frilled lizard (D:1)
  3 kobolds (D:1)
  A rat (D:1)
26 creatures vanquished.

Notes
Turn   | Place    | Note
-------+----------+-------------------------------------------
     0 | D:1      | Infinimo the Demonspawn Transmuter began the quest for the
                  | Orb.
     0 | D:1      | Reached XP level 1. HP: 15/15 MP: 3/3
   215 | D:1      | Reached skill level 3 in Unarmed Combat
   218 | D:1      | Gained mutation: You regenerate a little health from kills.
                  | [demonic ancestry]
   218 | D:1      | Reached XP level 2. HP: 3/21 MP: 5/5
   855 | D:2      | Noticed Sigmund
  1192 | D:1      | Gained mutation: You are partially covered in large bone
                  | plates. (SH +4) [demonic ancestry]
  1192 | D:1      | Reached XP level 3. HP: 25/26 MP: 6/6
  1699 | D:2      | Learned a level 3 spell: Spider Form
  1790 | D:2      | Slain by Sigmund

Skill      XL: |  1 |
---------------+----+-----
Unarmed Combat | 3 |  3.6
Transmutations | 2 |  2.3
Fighting       | |  1.0
Dodging        | |  1.7
Spellcasting   | |  2.0

Action                   || total
-------------------------++-------
Melee: Unarmed           ||   125
       Headbutt          ||     1
       Kick              ||     7
 Cast: Beastly Appendage ||    14
       Spider Form       ||     2
  Eat: Chunk             ||     3
Armor: Robe              ||    29
Dodge: Dodged            ||   101
Block: Other             ||     1
